 Dungeon Crawl Stone Soup version 0.21.1-1-g345015f (webtiles) character file.

134 tidbits the Grave Robber (level 5, -1/37 HPs)
             Began as a Gnoll Necromancer on June 15, 2018.
             Was an Initiate of Cheibriados.
             Slain by a phantom (6 damage)
             ... on level 5 of the Dungeon.
             The game lasted 00:06:31 (677 turns).

tidbits the Grave Robber (Gnoll Necromancer)         Turns: 677, Time: 00:06:32

Health: -1/37      AC:  2    Str: 11    XL:     5   Next: 17%
Magic:  2/12       EV: 15    Int: 20    God:    Cheibriados [......]
Gold:   113        SH:  0    Dex: 16    Spells: 6/14 levels left

rFire    . . .     SeeInvis .   a - +0 dagger
rCold    . . .     Gourm    .   (no shield)
rNeg     . . .     Faith    .   f - +0 robe
rPois    .         Spirit   .   (no helmet)
rElec    .         Reflect  .   (no cloak)
rCorr    +         Harm     +   (no gloves)
MR       .....                  (no boots)
Stlth    +++.......             k - amulet of harm
HPRegen  0.12/turn              K - ring of resist corrosion
MPRegen  0.13/turn              (no ring)

@: very slightly contaminated, very slow
A: distributed training, fangs 1, strong nose
a: Bend Time, Renounce Religion


You were on level 5 of the Dungeon.
You worshipped Cheibriados.
Cheibriados was noncommittal.
You were not hungry.

You visited 1 branch of the dungeon, and saw 5 of its levels.

You collected 113 gold pieces.

Inventory:

Hand Weapons
 a - a +0 dagger (weapon)
 l - a +0 club
Missiles
 i - 45 sling bullets
Armour
 f - a +0 robe (worn)
Magical Staves
 n - an uncursed staff of poison
   (You found it on level 5 of the Dungeon)
Jewellery
 k - an amulet of harm (around neck)
   (You found it on level 1 of the Dungeon)
 K - a ring of resist corrosion (left hand)
   (You found it on level 1 of the Dungeon)
Scrolls
 e - a scroll of immolation
 j - 2 scrolls of blinking {unknown}
 m - a scroll of enchant armour {unknown}
Books
 b - a book of Necromancy

   Spells                             Type                      Level
   a - Pain                           Necromancy                   1
   b - Animate Skeleton               Necromancy                   1
   c - Vampiric Draining              Necromancy                   3
   d - Regeneration                   Charms/Necromancy            3
   e - Animate Dead                   Necromancy                   4
   f - Borgnjor's Vile Clutch         Necromancy/Earth             5
Comestibles
 c - a ration


   Skills:
 + Level 1.3 Fighting
 + Level 1.3 Short Blades
 + Level 1.3 Long Blades
 + Level 1.3 Axes
 + Level 1.3 Maces & Flails
 + Level 1.3 Polearms
 + Level 1.3 Staves
 + Level 1.3 Slings
 + Level 1.3 Bows
 + Level 1.3 Crossbows
 + Level 1.3 Throwing
 + Level 1.3 Armour
 + Level 4.7 Dodging
 + Level 4.3 Stealth
 + Level 1.3 Shields
 + Level 1.3 Unarmed Combat
 + Level 5.1 Spellcasting
 + Level 1.1 Conjurations
 + Level 1.1 Hexes
 + Level 1.1 Charms
 + Level 1.1 Summonings
 + Level 7.1 Necromancy
 + Level 1.1 Translocations
 + Level 1.1 Transmutations
 + Level 1.1 Fire Magic
 + Level 1.1 Ice Magic
 + Level 1.1 Air Magic
 + Level 1.1 Earth Magic
 + Level 1.1 Poison Magic
 + Level 1.5 Invocations
 + Level 1.3 Evocations


You had 6 spell levels left.
You knew the following spells:

 Your Spells              Type           Power        Failure   Level  Hunger
a - Pain                  Necr           ####         1%          1    None
d - Vampiric Draining     Necr           ####......   1%          3    ##.....
n - Animate Skeleton      Necr           N/A          1%          1    None
r - Regeneration          Chrm/Necr      ###.......   6%          3    ##.....


Dungeon Overview and Level Annotations

Branches:
Dungeon (5/15)
 Temple: D:4-7

Altars:
Cheibriados
Qazlal

Shops:
D:4 }


Innate Abilities, Weirdness & Mutations

Your experience applies equally to all skills.
You have very sharp teeth.
Your uncanny sense of smell can sniff out nearby items.


Message History

You creak for attention!
What are your orders? t - Creak!
Orders for allies: a - Attack new target. r - Retreat! s - Stop attacking. g - Guard the area. f - Follow me.
Anything else - Cancel.
You creak for attention!
Your skin is crawling a little less now.
You hit the phantom but do no damage.
The phantom is almost destroyed.
The phantom blinks!
What are your orders? t - Creak!
Orders for allies: a - Attack new target. r - Retreat! s - Stop attacking. g - Guard the area. f - Follow me.
Anything else - Cancel.
You creak for attention!
What are your orders? t - Creak!
Orders for allies: a - Attack new target. r - Retreat! s - Stop attacking. g - Guard the area. f - Follow me.
Anything else - Cancel.
You creak for attention!
What are your orders? t - Creak!
Orders for allies: a - Attack new target. r - Retreat! s - Stop attacking. g - Guard the area. f - Follow me.
Anything else - Cancel.
You creak for attention!
What are your orders? t - Creak!
Orders for allies: a - Attack new target. r - Retreat! s - Stop attacking. g - Guard the area. f - Follow me.
Anything else - Cancel.
You creak for attention!
You hit the phantom.
The phantom is almost destroyed.
You feel less wooden.
Your +0 robe unmelds from your body.
Your skin stops crawling.
The phantom barely misses you.
Wield which item (- for none, * to show all)? (? for menu, Esc to quit)
a - a +0 dagger (weapon)
The phantom hits you!
You barely miss the phantom.
The phantom is almost destroyed.
You start to feel less resistant.
You hit the phantom but do no damage.
The phantom is almost destroyed.
The phantom hits you.
You hit the phantom but do no damage.
The phantom is almost destroyed.
The phantom hits you!
* * * LOW HITPOINT WARNING * * *
The phantom blinks!
Casting: Regeneration
Confirm with . or Enter, or press ? or * to list all spells.
You miscast Regeneration.
You are very lightly contaminated with residual magic.
Your bones ache.
Casting: Regeneration
Confirm with . or Enter, or press ? or * to list all spells.
Your skin crawls.
Your resistance to elements expires.
The phantom blinks!
You hit the phantom.
The phantom is almost destroyed.
The phantom blinks!
Found a stone staircase leading up.
You barely miss the phantom.
The phantom is almost destroyed.
The phantom hits you!
* * * LOW HITPOINT WARNING * * *
The phantom blinks!
Your skin is crawling a little less now.
Found a grey potion.
You hit the phantom but do no damage.
The phantom is almost destroyed.
The phantom misses you.
You barely miss the phantom.
The phantom is almost destroyed.
The phantom hits you!
* * * LOW HITPOINT WARNING * * *
You hit the phantom but do no damage.
The phantom is almost destroyed.
The phantom hits you.
* * * LOW HITPOINT WARNING * * *
You closely miss the phantom.
The phantom is almost destroyed.
The phantom blinks!
Your skin stops crawling.
You miss the phantom.
The phantom is almost destroyed.
The phantom hits you.
You die...

..#.. . ...... ∆
#...#. #.... #...# #
#. #...#.#
#!..##.W.#.#
#....?.@...# .#
#.#.###..#### #.#
...........#######.#
##..#..........).#.#
#......###.#####.#.#
#.#....#.......#.#.#
#....#.#.###.#...##
....<.#....# #....#
...#..###### #.#.##


You could see a phantom.

Vanquished Creatures
  A phantom (D:5)
  A gnoll (D:1)
  An ooze (D:2)
  A worm (D:3)
  A dart slug (D:1)
  A giant cockroach (D:3)
  5 hobgoblins
  5 bats
  2 frilled lizards (D:1)
  4 kobolds
  2 rats (D:1)
24 creatures vanquished.

Vanquished Creatures (collateral kills)
  A rat (D:1)
1 creature vanquished.

Grand Total: 25 creatures vanquished

Notes
Turn   | Place    | Note
-------+----------+-------------------------------------------
     0 | D:1      | tidbits the Gnoll Necromancer began the quest for the Orb.
     0 | D:1      | Reached XP level 1. HP: 13/13 MP: 6/6
    53 | D:1      | Reached XP level 2. HP: 14/20 MP: 1/7
    56 | D:1      | Learned a level 1 spell: Animate Skeleton
   220 | D:1      | Reached XP level 3. HP: 16/25 MP: 5/9
   225 | D:1      | Learned a level 3 spell: Vampiric Draining
   229 | D:1      | Learned a level 3 spell: Regeneration
   324 | D:1      | Reached skill level 5 in Spellcasting
   383 | D:2      | Found a stormy altar of Qazlal.
   435 | D:4      | Found a snail-covered altar of Cheibriados.
   440 | D:4      | Became a worshipper of Cheibriados the Contemplative
   484 | D:3      | Reached skill level 1 in Invocations
   543 | D:4      | Found Weunla's Gadget Shoppe.
   564 | D:5      | Entered Level 5 of the Dungeon
   610 | D:5      | Noticed a phantom
   632 | D:5      | Killed a phantom
   632 | D:5      | Reached skill level 1 in Fighting
   632 | D:5      | Reached skill level 1 in Short Blades
   632 | D:5      | Reached skill level 1 in Long Blades
   632 | D:5      | Reached skill level 1 in Axes
   632 | D:5      | Reached skill level 1 in Maces & Flails
   632 | D:5      | Reached skill level 1 in Polearms
   632 | D:5      | Reached skill level 1 in Staves
   632 | D:5      | Reached skill level 1 in Slings
   632 | D:5      | Reached skill level 1 in Bows
   632 | D:5      | Reached skill level 1 in Crossbows
   632 | D:5      | Reached skill level 1 in Throwing
   632 | D:5      | Reached skill level 1 in Armour
   632 | D:5      | Reached skill level 1 in Shields
   632 | D:5      | Reached skill level 1 in Unarmed Combat
   632 | D:5      | Reached skill level 1 in Conjurations
   632 | D:5      | Reached skill level 1 in Hexes
   632 | D:5      | Reached skill level 1 in Charms
   632 | D:5      | Reached skill level 1 in Summonings
   632 | D:5      | Reached skill level 1 in Translocations
   632 | D:5      | Reached skill level 1 in Transmutations
   632 | D:5      | Reached skill level 1 in Fire Magic
   632 | D:5      | Reached skill level 1 in Ice Magic
   632 | D:5      | Reached skill level 1 in Air Magic
   632 | D:5      | Reached skill level 1 in Earth Magic
   632 | D:5      | Reached skill level 1 in Poison Magic
   632 | D:5      | Reached skill level 1 in Evocations
   632 | D:5      | Reached XP level 4. HP: 21/32 MP: 4/11
   632 | D:5      | Reached XP level 5. HP: 24/37 MP: 4/12
   638 | D:5      | Noticed a phantom
   674 | D:5      | HP: 3/37 [phantom (4)]
   677 | D:5      | Slain by a phantom

Skill      XL: |  1  2  3 |
---------------+----------+-----
Spellcasting   | 5 |  5.1
Invocations    | 1 |  1.5
Fighting       | 1 |  1.3
Short Blades   | 1 |  1.3
Long Blades    | 1 |  1.3
Axes           | 1 |  1.3
Maces & Flails | 1 |  1.3
Polearms       | 1 |  1.3
Staves         | 1 |  1.3
Slings         | 1 |  1.3
Bows           | 1 |  1.3
Crossbows      | 1 |  1.3
Throwing       | 1 |  1.3
Armour         | 1 |  1.3
Shields        | 1 |  1.3
Unarmed Combat | 1 |  1.3
Conjurations   | 1 |  1.1
Hexes          | 1 |  1.1
Charms         | 1 |  1.1
Summonings     | 1 |  1.1
Translocations | 1 |  1.1
Transmutations | 1 |  1.1
Fire Magic     | 1 |  1.1
Ice Magic      | 1 |  1.1
Air Magic      | 1 |  1.1
Earth Magic    | 1 |  1.1
Poison Magic   | 1 |  1.1
Evocations     | 1 |  1.3
Dodging        | |  4.7
Stealth        | |  4.3
Necromancy     | |  7.1

Action                   |  1- 3 |  4- 6 || total
-------------------------+-------+-------++-------
Melee: Club              |     3 |       ||     3
       Bite              |     1 |       ||     1
       Unarmed           |     9 |     8 ||    17
       Dagger            |     2 |    10 ||    12
 Cast: Pain              |    35 |       ||    35
       Animate Skeleton  |     1 |       ||     1
       Regeneration      |     3 |     2 ||     5
  Use: Scroll            |     3 |       ||     3
       Potion            |     2 |       ||     2
 Stab: Sleeping          |     1 |       ||     1
Armor: Skin              |     6 |     4 ||    10
Dodge: Dodged            |     1 |     2 ||     3

Table legend:
 A = Turns spent in this place as a percentage of turns spent in the entire game.
 B = Non-inter-level travel turns spent in this place as a percentage of non-inter-level travel turns spent in the entire game.
 C = Inter-level travel turns spent in this place as a percentage of turns spent in this place.
 D = Turns resting spent in this place as a percentage of non-inter-level travel turns spent in this place.
 E = Turns spent auto-exploring this place as a percentage of non-inter-level travel turns spent in this place.
 F = Non-inter-level travel turns spent in this place divided by the number of levels of this place that you've seen.
                   A       B       C       D       E      F
               +-------+-------+-------+-------+-------+----------------------
         Total | 100.0 | 100.0 |   0.0 |   0.0 |   0.0 | 135.4
       Dungeon | 100.0 | 100.0 |   0.0 |   0.0 |   0.0 | 135.4
               +-------+-------+-------+-------+-------+----------------------

Table legend:
 A = Kills in this place as a percentage of kills in entire the game.
 B = Kills by you in this place as a percentage of kills by you in the entire game.
 C = Kills by friends in this place as a percentage of kills by friends in the entire game.
 D = Other kills in this place as a percentage of other kills in the entire game.
 E = Experience gained in this place as a percentage of experience gained in the entire game.
 F = Experience gained in this place divided by the number of levels of this place that you have seen.
                   A       B       C       D       E      F
               +-------+-------+-------+-------+-------+----------------------
         Total | 100.0 | 100.0 | 100.0 |   N/A | 100.0 |  38.4
       Dungeon | 100.0 | 100.0 | 100.0 |   N/A | 100.0 |  38.4
               +-------+-------+-------+-------+-------+----------------------

Vault maps used:
D:1:      dpeg_arrival_round_c, minivault_23, nrook_mini_vaults
D:2:      grunt_temple_overflow_forces_of_nature, okawaru_altar_gauntlet_db,
          chequers_temple_overflow_statue_of_worship, first_ration,
          grunt_dithmenos_smoke
D:3:      vehumet_crystals
D:4:      lemuel_crystal_altar, temple_fountains, serial_shops, shop_fountains
D:5:      grunt_gozag_breadcrumbs, uniq_sigmund
